AoeStats
← MLTreekicker

African Clearing

506190900Analyzed
3v3 RM · 21d ago on Sep 12, 2026· 47m 6s· 6 players
Game mode
Random Map
Map size
Normal (6 player)
Population
200
Speed
Normal
Resources
Standard
Victory
Conquest
Starting age
Dark Age
Ending age
Imperial Age
RankedLock teamsTeams togetherTeam positionsShared explorationLock speedFull tech treeHidden civsTurbo modeCheats
Victory
Defeat
🇨🇳 Mongols · China
1274
+11
🇮🇳 Khmer · India
1204
+13
🇦🇹 Vietnamese · Austria
1195
+14
🇧🇷 Persians · Brazil
1191
-14
🇺🇸 Bohemians · United States
1148
-13
🇬🇧 Huns · United Kingdom
1114
-11
Dingodan
8:31 Loom
13:18 Feudal Age
13:46 Double-Bit Axe
14:03 Town Watch
17:32 Fletching
21:32 Wheelbarrow
22:12 Horse Collar
25:56 Castle Age
24:16 Stone Mining
24:43 Gold Mining
28:37 Bow Saw
28:02 Pikeman
30:07 Heavy Plow
30:54 Bodkin Arrow
35:36 Imperial Age
34:38 Stone Shaft Mining
34:25 Ballistics
34:09 Padded Archer Armor
35:26 Hand Cart
35:08 Murder Holes
35:40 Leather Archer Armor
36:31 Bracer
40:36 Two-Man Saw
40:08 Crop Rotation
39:36 Elite Rattan Archer
41:34 Town Patrol
42:56 Chemistry
42:28 Capped Ram
44:11 Ring Archer Armor
44:30 Paper Money
45:36 Hoardings
pickmyself or end
7:23 Loom
15:51 Feudal Age
19:34 Castle Age
19:13 Forging
20:35 Town Watch
27:05 Double-Bit Axe
28:21 Bow Saw
28:03 Horse Collar
31:04 Fletching
32:56 Wheelbarrow
33:23 Bodkin Arrow
33:29 Padded Archer Armor
35:25 Heavy Plow
36:11 Hand Cart
36:03 Gold Mining
36:07 Stone Mining
41:27 Imperial Age
39:33 Stone Shaft Mining
39:47 Gold Shaft Mining
40:13 Leather Archer Armor
40:33 Ballistics
40:16 Husbandry
40:39 Thumb Ring
40:24 Light Cavalry
41:15 Bloodlines
42:14 Iron Casting
41:45 Scale Barding Armor
42:19 Bracer
42:56 Iron Casting
42:48 Conscription
42:38 Hussar
43:56 Chain Barding Armor
43:28 Elite Mangudai
45:25 Chemistry
45:58 Blast Furnace
45:33 Parthian Tactics
46:10 Masonry
47:33 Siege Engineers
newats2007
3:34 Loom
13:12 Feudal Age
18:22 Castle Age
17:31 Double-Bit Axe
30:23 Imperial Age
29:16 Wheelbarrow
30:53 Bow Saw
30:26 Horse Collar
32:19 Forging
31:59 Fletching
32:55 Bloodlines
33:57 Hand Cart
34:45 Padded Archer Armor
34:41 Bodkin Arrow
35:21 Iron Casting
37:40 Ballistics
38:21 Chemistry
37:45 Conscription
38:07 Double Crossbow
39:33 Siege Engineers
40:23 Heavy Scorpion
43:55 Bracer
44:11 Leather Archer Armor
44:57 Blast Furnace
44:02 Husbandry
43:22 Light Cavalry
47:26 Caravan
MLTreekicker
5:22 Loom
13:40 Feudal Age
18:46 Castle Age
18:27 Double-Bit Axe
28:33 Imperial Age
27:13 Fervor
26:58 Horse Collar
28:15 Fletching
28:56 Ballistics
28:42 Padded Archer Armor
30:19 Elite Skirmisher
32:37 Bodkin Arrow
35:08 Crossbowman
39:01 Chemistry
38:05 Pikeman
39:57 Heavy Plow
41:39 Squires
Fat Mike
7:08 Loom
13:07 Feudal Age
19:17 Castle Age
21:08 Double-Bit Axe
Tars
11:18 Loom
13:17 Feudal Age
18:12 Castle Age
19:08 Light Cavalry
Connection lost

Rejoining the realm…

Still unreachable

The connection could not be restored.

Session expired

The server has moved on; the page needs a fresh start.